 Dungeon Crawl Stone Soup version 0.29.0-4-gdea44cf6ec (webtiles) character file.

Game seed: 3748064264225507286

47091 greasedhog the Carver (level 14, 0/82 HPs)
             Began as a Gargoyle Wanderer on Aug 26, 2022.
             Was a High Priest of Okawaru.
             Slain by an elephant (11 damage)
             ... on level 4 of the Lair of Beasts.
             The game lasted 00:33:38 (25019 turns).

greasedhog the Carver (Gargoyle Wanderer)          Turns: 25019, Time: 00:33:39

Health: 0/82       AC: 26    Str: 15    XL:     14   Next: 40%
Magic:  24/24      EV: 15    Int: 16    God:    Okawaru [*****.]
Gold:   994        SH:  5    Dex: 17    Spells: 15/15 levels left

rFire   + . .      SeeInvis +   a - +0 scimitar
rCold   + + +      Faith    .   C - +1 buckler {AC+3}
rNeg    + . .      Spirit   .   J - +4 skin of Zhor {*Englaciate rC+++ SInv}
rPois   ∞          Reflect  .   t - +2 helmet
rElec   +          Harm     .   (no cloak)
rCorr   +          Rampage  .   d - +0 pair of gloves
Will    +....                   K - +1 pair of boots of Otal {Int+5}
Stlth   ++........              y - amulet of the acrobat
HPRegen 0.23/turn               N - ring of resist corrosion
MPRegen 0.19/turn               g - ring of protection from fire

@: flying
A: sickness immunity, AC +10, big wings, negative energy resistance 1,
electricity resistance, torment resistance 1, petrification resistance
a: Renounce Religion, Heroism, Finesse, Duel


You were on level 4 of the Lair of Beasts.
You worshipped Okawaru.
Okawaru was extremely pleased with you.
You visited 3 branches of the dungeon, and saw 17 of its levels.

You collected 994 gold pieces.

Inventory:

Hand Weapons
 a - a +0 scimitar (weapon)
 p - a +2 dagger of draining
Missiles
 E - a throwing net
Armour
 d - a +0 pair of gloves (worn)
 t - a +2 helmet (worn)
 C - a +1 buckler of protection (worn)
 J - the +4 skin of Zhor (worn) {*Englaciate rC+++ SInv}
   (Okawaru gifted it to you on level 1 of the Lair of Beasts)

   It radiates cold, occasionally slowing all nearby creatures who are not
   resistant to cold.
   rC:        It renders you almost immune to cold.
   SInv:      It lets you see invisible.
 K - the +1 pair of boots of Otal (worn) {Int+5}
   (Okawaru gifted it to you on level 11 of the Dungeon)

   Int:       It affects your intelligence (+5).
Jewellery
 b - a ring of fire
 g - a ring of protection from fire (right hand)
 y - an amulet of the acrobat (around neck)
 N - a ring of resist corrosion (left hand)
Wands
 s - a wand of paralysis (12)
 u - a wand of flame (98)
 B - a wand of iceblast (11)
 F - a wand of mindburst (6)
 I - a wand of polymorph (3)
 O - a wand of quicksilver (2)
Scrolls
 c - 7 scrolls of blinking
 n - 9 scrolls of teleportation
 q - 8 scrolls of immolation
 v - 4 scrolls of amnesia
 w - 3 scrolls of identify
 x - a scroll of silence
 z - 5 scrolls of poison
 A - 3 scrolls of magic mapping
 G - 3 scrolls of enchant armour
 H - 5 scrolls of enchant weapon
 L - 2 scrolls of fear
Potions
 e - 5 potions of haste {unknown}
 f - 5 potions of flight
 h - 3 potions of mutation {unknown}
 i - 8 potions of heal wounds
 j - 5 potions of attraction
 k - 2 potions of resistance
 l - 12 potions of curing {unknown}
 m - 5 potions of brilliance
 o - 3 potions of cancellation {unknown}
 r - 5 potions of lignification {unknown}
 M - 4 potions of degeneration {unknown}


   Skills:
 * Level 7.3 Fighting
 - Level 14.0 Long Blades
 - Level 5.1 Armour
 * Level 6.0 Dodging
 - Level 1.1 Shields
 - Level 1.0 Spellcasting
 - Level 3.2 Conjurations
 - Level 0.1 Fire Magic
 - Level 14.0 Invocations
 - Level 10.0 Evocations


You had 15 spell levels left.
You didn't know any spells.
Your spell library contained the following spells:

 Spells                   Type           Power      Damage    Failure   Level
 Magic Dart               Conj           44%        1d5       8%          1
 Foxfire                  Conj/Fire      24%        2x1d5     16%         1
 Shock                    Conj/Air       24%        1d4       16%         1
 Slow                     Hex            0%         N/A       30%         1
 Ensorcelled Hibernation  Hex/Ice        0%         N/A       41%         2
 Passwall                 Tmut/Erth      0%         N/A       41%         2
 Poisonous Vapours        Pois/Air       0%         N/A       41%         2
 Conjure Flame            Conj/Fire      6%         6-21      41%         3
 Mephitic Cloud           Conj/Pois/Air  4%         N/A       50%         3
 Confusing Touch          Hex            0%         N/A       65%         3
 Gell's Gravitas          Tloc           0%         N/A       65%         3
 Inner Flame              Hex/Fire       1%         N/A       65%         3
 Lesser Beckoning         Tloc           0%         N/A       65%         3
 Spider Form              Tmut/Pois      0%         N/A       65%         3
 Swiftness                Air            0%         N/A       65%         3
 Teleport Other           Tloc           0%         N/A       65%         3
 Vampiric Draining        Necr           0%         2d6       65%         3
 Iskenderun's Mystic Bla  Conj/Tloc      6%         2d4       83%         4
 Airstrike                Air            0%         2d(0-16)  96%         4
 Anguish                  Hex/Necr       0%         N/A       96%         4
 Cause Fear               Hex            0%         N/A       96%         4
 Corpse Rot               Necr/Pois/Air  0%         N/A       96%         4
 Petrify                  Tmut/Erth      0%         N/A       96%         4
 Freezing Cloud           Conj/Ice/Air   2%         6-21      99%         5
 Metabolic Englaciation   Hex/Ice        0%         N/A       100%        5
 Yara's Violent Unravell  Hex/Tmut       0%         3d3       100%        5
 Enfeeble                 Hex            0%         N/A       100%        7
 Discord                  Hex            0%         N/A       100%        8
 Polar Vortex             Ice            0%         N/A       100%        9
 Call Imp                 Summ           Unusable   N/A       N/A         2
 Simulacrum               Ice/Necr       Unusable   N/A       N/A         6
 Statue Form              Tmut/Erth      Unusable   N/A       N/A         6

Dungeon Overview and Level Annotations

Branches:
Dungeon (11/15)            Temple (1/1) D:5            Lair (5/5) D:10
 Shoals (0/4) Lair:3        Snake (0/4) Lair:3          Orc (0/2) D:11
  Slime: Lair:4-5

Altars:
Ashenzari
Cheibriados
Dithmenos
Elyvilon
Fedhas
Gozag
Hepliaklqana
Kikubaaqudgha
Makhleb
Nemelex Xobeh
Okawaru
Qazlal
Ru
Sif Muna
Trog
Uskayaw
Vehumet
Wu Jian
Xom
Yredelemnul
Zin
The Shining One

Shops:
D:6 =

Annotations:
D:3 2 transporters
Lair:1 1 runed translucent door, pesado's ghost, journeyman DrCj


Innate Abilities, Weirdness & Mutations

You are immune to sickness and miasma.
Your stone body is resilient. (AC +10)
You are immune to poison.
Your large and strong wings let you fly.
You resist negative energy. (rN+)
You are resistant to electric shocks. (rElec)
You are resistant to unholy torment.
You are immune to petrification.


Message History

You hit the elephant.
The elephant is heavily wounded.
The elephant is no longer moving slowly.
You hit the elephant but do no damage.
The elephant is heavily wounded.
The elephant tramples you!
* * * LOW HITPOINT WARNING * * *
You hold your ground!
The elephant trunk-slaps you.
* * * LOW HITPOINT WARNING * * *
You hit the elephant.
The elephant is heavily wounded.
The elephant tramples you.
* * * LOW HITPOINT WARNING * * *
You hold your ground!
The elephant closely misses you.
You hit the elephant.
The elephant is severely wounded.
The elephant tramples you but does no damage.
The elephant trunk-slaps you but does no damage.
You hit the elephant.
The elephant is severely wounded.
You hit the elephant but do no damage.
The elephant is severely wounded.
The elephant is no longer moving slowly.
You block the elephant's attack. The elephant closely misses you.
You slash the elephant!
The elephant is almost dead.
The elephant tramples you but does no damage.
The elephant misses you.
You hit the elephant but do no damage.
The elephant is almost dead.
The elephant is no longer moving slowly.
The elephant completely misses you.
The elephant trunk-slaps you but does no damage.
You hit the elephant but do no damage.
The elephant is almost dead.
You radiate an aura of cold.
The elephant seems to slow down. x2
You slash the elephant!
The elephant is almost dead.
The elephant tramples you!
You die...

#############
##.#..........
####.............
###
#.##.............
###.#
##.#.........^....
#...#
#@#...............
##P.##
##Y...............
##..#
#Y...............
#..#
##>†..........###
###.##
##..###.####P#
#....## #..#
######## ###...#
#########.P####
###.##
####.#.#....#.#
##...##
#..............


You could see 2 elephants.

Vanquished Creatures
  Josephine (Lair:3)
  6 hydras
  A catoblepas (D:9)
  5 death yaks
  4 two-headed ogres
  Sonja (D:11)
  2 cyclopes (D:11)
  21 elephants
  2 black mambas
  A gargoyle (D:10)
  11 cane toads
  An unseen horror (D:11)
  A torpor snail (Lair:2)
  2 rime drakes
  6 komodo dragons
  A troll (D:11)
  18 blink frogs
  A snapping turtle (Lair:3)
  Eustachio (D:4)
  2 wyverns
  62 yaks
  3 wraiths
  7 basilisks
  4 vampire mosquitoes (D:11)
  A naga (Lair:3)
  3 acid dragons
  7 water moccasins
  4 ice beasts
  5 orc warriors
  2 sky beasts
  A black bear (D:6)
  2 ogres
  6 centaurs
  13 wolves
  2 phantoms
  2 kobold brigands
  Blork the orc (D:5)
  10 bullfrogs
  2 scorpions
  13 wights
  3 killer bees (D:9)
  A troll skeleton (D:11)
  An electric eel (Lair:3)
  5 howler monkeys (D:9)
  5 spriggan skeletons (D:11)
  4 orc priests
  5 jellies
  4 hounds
  An iguana (D:4)
  A gnoll bouda (D:5)
  9 orc wizards
  Robin (D:3)
  5 gnolls
  3 adders
  A white imp (D:7)
  An ufetubus (D:6)
  3 worms
  3 dart slugs
  37 orcs
  8 endoplasms
  5 giant cockroaches
  13 goblins
  7 hobgoblins
  4 jackals (D:1)
  4 quokkas
  9 ball pythons
  8 bats
  8 frilled lizards
  10 kobolds
  7 rats
414 creatures vanquished.

Vanquished Creatures (others)
  A quokka (D:4)
  86 fungi
  92 plants
179 creatures vanquished.

Grand Total: 593 creatures vanquished

Notes
Turn   | Place    | Note
-------+----------+-------------------------------------------
     0 | D:1      | greasedhog the Gargoyle Wanderer began the quest for the
                  | Orb.
     0 | D:1      | greasedhog set off with the following items: a +0 falchion,
                  | a +0 buckler, a scroll of blinking, a +0 leather armour;
                  | and the following spell memorised: Foxfire; and the
                  | following spells available to memorise: Conjure Flame,
                  | Iskenderun's Mystic Blast.
     0 | D:1      | Reached XP level 1. HP: 12/12 MP: 2/2
   229 | D:1      | Reached XP level 2. HP: 16/16 MP: 3/3
   330 | D:1      | Found a faded altar of an unknown god.
   849 | D:1      | Reached XP level 3. HP: 20/20 MP: 4/4
  2015 | D:2      | Reached XP level 4. HP: 24/26 MP: 5/5
  2408 | D:3      | Noticed Robin
  2423 | D:3      | Killed Robin
  2744 | D:3      | Found a transporter.
  2840 | D:3      | Noticed an ice beast
  2865 | D:3      | Reached XP level 5. HP: 28/30 MP: 6/6
  2870 | D:3      | Killed an ice beast
  2871 | D:3      | Reached skill level 5 in Long Blades
  2894 | D:3      | Found a transporter.
  2911 | D:3      | Found a burning altar of Makhleb.
  3369 | D:4      | Noticed an ogre
  3370 | D:4      | Found a snail-covered altar of Cheibriados.
  3378 | D:4      | Killed an ogre
  3379 | D:4      | Reached XP level 6. HP: 37/37 MP: 7/7
  3595 | D:4      | Noticed Eustachio
  4280 | D:4      | Found a white marble altar of Elyvilon.
  4314 | D:4      | Killed Eustachio
  4315 | D:4      | Reached XP level 7. HP: 43/43 MP: 8/8
  4447 | D:5      | Entered Level 5 of the Dungeon
  4564 | D:5      | Found a staircase to the Ecumenical Temple.
  4885 | D:5      | Reached skill level 5 in Fighting
  5507 | D:5      | You are sucked into a shaft and drop 2 floors!
  5617 | D:7      | Noticed a yak
  5617 | D:7      | Noticed a yak
  5617 | D:7      | Noticed a yak
  5878 | D:7      | Reached XP level 8. HP: 50/50 MP: 9/9
  6003 | D:7      | Found an opulent altar of Gozag.
  6041 | D:7      | Found a glowing golden altar of the Shining One.
  6630 | Temple   | Entered the Ecumenical Temple
  7096 | Temple   | Became a worshipper of Warmaster Okawaru
  7190 | D:6      | Reached skill level 1 in Invocations
  7653 | D:6      | Noticed Blork the orc
  7771 | D:5      | Killed Blork the orc
  7771 | D:5      | Reached * piety under Okawaru
  7772 | D:5      | Reached XP level 9. HP: 29/55 MP: 9/11
  7946 | D:6      | Reached skill level 5 in Armour
  8201 | D:6      | Found Plog's Jewellery Boutique.
  8431 | D:7      | Reached skill level 1 in Dodging
  8468 | D:7      | Reached ** piety under Okawaru
  9073 | D:8      | Noticed a two-headed ogre
  9087 | D:8      | Killed a two-headed ogre
  9087 | D:8      | Reached *** piety under Okawaru
  9088 | D:8      | Reached skill level 5 in Invocations
  9369 | D:8      | Reached XP level 10. HP: 51/60 MP: 12/14
  9780 | D:8      | Received a gift from Okawaru
  9813 | D:8      | Found a sparkling altar of Nemelex Xobeh.
 10288 | D:9      | Noticed a two-headed ogre
 10288 | D:9      | Noticed a two-headed ogre
 10746 | D:9      | Noticed a catoblepas
 10769 | D:9      | Killed a catoblepas
 10769 | D:9      | Reached **** piety under Okawaru
 11141 | D:9      | Reached skill level 10 in Long Blades
 11153 | D:9      | Reached skill level 5 in Dodging
 11170 | D:9      | Reached skill level 1 in Evocations
 11186 | D:9      | Reached ***** piety under Okawaru
 11219 | D:9      | Reached XP level 11. HP: 30/64 MP: 9/17
 11782 | D:9      | Killed a two-headed ogre
 11782 | D:9      | Received a gift from Okawaru
 11793 | D:9      | Killed a two-headed ogre
 12189 | D:9      | Received a gift from Okawaru
 12418 | D:10     | Entered Level 10 of the Dungeon
 12639 | D:10     | Found a bloodstained altar of Trog.
 12639 | D:10     | Found a radiant altar of Vehumet.
 12963 | D:10     | Noticed a two-headed ogre
 12970 | D:10     | Killed a two-headed ogre
 13262 | D:10     | Found a staircase to the Lair.
 13592 | D:10     | Reached skill level 5 in Evocations
 13787 | D:10     | Reached skill level 10 in Invocations
 13949 | D:11     | Found a staircase to the Orcish Mines.
 13951 | D:11     | Noticed a cyclops
 13973 | D:11     | Killed a cyclops
 13973 | D:11     | Identified the +1 pair of boots of Otal {Int+5} (Okawaru
                  | gifted it to you on level 11 of the Dungeon)
 13973 | D:11     | Received a gift from Okawaru
 14048 | D:11     | Reached XP level 12. HP: 54/69 MP: 15/19
 14434 | D:11     | Noticed Sonja
 14456 | D:11     | Killed Sonja
 14706 | D:11     | Noticed a four-headed hydra
 14713 | D:11     | Killed a four-headed hydra
 15710 | Lair:1   | Entered Level 1 of the Lair of Beasts
 15937 | Lair:1   | Found a broken altar of Ashenzari.
 16170 | Lair:1   | Found a runed translucent door.
 16654 | Lair:1   | Received a gift from Okawaru
 16654 | Lair:1   | Found the +4 skin of Zhor {*Englaciate rC+++ SInv}
 16711 | Lair:1   | Noticed a seven-headed hydra
 16735 | Lair:1   | Killed a seven-headed hydra
 17119 | Lair:1   | Noticed pesado's ghost (journeyman DrCj)
 17675 | Lair:2   | Noticed a death yak
 17704 | Lair:2   | Reached XP level 13. HP: 74/74 MP: 20/22
 18060 | Lair:2   | Found a snail-covered altar of Cheibriados.
 19203 | Lair:3   | Identified the +8 plate armour "Yting" {rPois Int+2 Slay+3
                  | SInv} (Okawaru gifted it to you on level 3 of the Lair of
                  | Beasts)
 19203 | Lair:3   | Received a gift from Okawaru
 19601 | Lair:3   | Found a staircase to the Shoals.
 20147 | Lair:3   | Found a staircase to the Snake Pit.
 20592 | Lair:4   | Noticed Josephine
 21007 | Lair:3   | Killed Josephine
 22319 | Lair:4   | Gained mutation: Your large and strong wings let you fly.
                  | [Gargoyle growth]
 22319 | Lair:4   | Reached XP level 14. HP: 35/79 MP: 3/24
 23155 | Lair:5   | Entered Level 5 of the Lair of Beasts
 23284 | Lair:5   | Received a gift from Okawaru
 23541 | Lair:4   | Reached skill level 10 in Evocations
 23866 | Lair:4   | Received a gift from Okawaru
 25019 | Lair:4   | Slain by an elephant

Illustrated notes

Levels and vault maps discovered:
D:1:      minmay_arrival_wavy_path, layout_loops_corners,
          ebering_ecumenical_altar_box
D:2:      minmay_recursive_quarters, layout_rooms,
          wander_ebering_terrifying_dragon_lair
D:3:      gammafunk_steamed_eel, layout_loops_ring, bloody_makhleb,
          kennysheep_doodads, dreamdust_princess_bridge, uniq_robin
D:4:      layout_cave_pools, elyvilon_altar_4, amcnicky_altar_gilded,
          uniq_eustachio
D:5:      layout_basic, temple_fountains, grunt_ministairs_4
D:6:      layout_cave_pools, serial_shops, shop, uniq_blork_the_orc
D:7:      layout_basic, mainiacjoe_overflow_concentric_impassable,
          lemuel_crystal_altar
D:8:      layout_loops_ring, nemelex_diamond_rough_becter, minmay_joined_circles
D:9:      layout_basic, grunt_potential
D:10:     layout_roguey, gammafunk_temple_overflow_pools,
          due_lair_maze_entry_diamond, small_statue_intersection,
          nicolae_elevator_lobby_asterisk
D:11:     layout_irregular_city, orc_0_dummy, grunt_ministairs_12,
          hangedman_tell_no_tales, uniq_sonja
Temple:   eino_temple_water
Lair:1:   layout_chaotic_city, ebering_ghost_reflecting_pool, basic_altar,
          grunt_megastairs_2
Lair:2:   layout_cave_pods, basic_altar
Lair:3:   layout_loops_ring, minmay_shoals_entry_hut,
          guppyfry_snake_entry_island, mumra_transporter_accident
Lair:4:   layout_cave_pods, uniq_josephine
Lair:5:   hellmonk_lair_end_abyssal_woods, layout_regular_city,
          dpeg_slime_entry_enclosed, serial_bayou_crossing, lemuel_fruit_fields

Skill      XL: |  1  2  3  4  5  6  7  8  9 10 11 12 13 14 |
---------------+-------------------------------------------+-----
Long Blades    | 3 4 5 6 7 8 9 10 11 12 13 14 | 14.0
Fighting       | 2 3 4 5 7 |  7.3
Armour         | 4 5 |  5.1
Invocations    | 2 5 8 10 12 13 14 | 14.0
Dodging        | 3 5 6 |  6.0
Evocations     | 2 5 7 9 10 | 10.0
Shields        | |  1.1
Spellcasting   | |  1.0
Conjurations   | |  3.2
Fire Magic     | |  0.1

Action                   |  1- 3 |  4- 6 |  7- 9 | 10-12 | 13-15 || total
-------------------------+-------+-------+-------+-------+-------++-------
Melee: Falchion          |   151 |   177 |    56 |       |       ||   384
       Long sword        |       |       |   294 |       |       ||   294
       Scimitar          |       |       |       |  1161 |  1062 ||  2223
       Dagger            |       |       |       |    24 |    91 ||   115
Invok: Heroism           |       |       |     3 |    10 |     7 ||    20
       Finesse           |       |       |       |       |     3 ||     3
Evoke: Wand              |       |    12 |     7 |    18 |     1 ||    38
  Use: Scroll            |     2 |     2 |     6 |     4 |     4 ||    18
       Potion            |       |     1 |     2 |       |     2 ||     5
 Stab: Paralysed         |       |    21 |     6 |       |       ||    27
       Sleeping          |       |       |       |     2 |     2 ||     4
Armor: Ring mail         |    33 |       |       |       |       ||    33
       Scale mail        |    54 |   129 |   206 |   517 |       ||   906
       Skin              |       |       |       |    13 |       ||    13
       Animal skin       |       |       |       |    44 |   604 ||   648
Dodge: Dodged            |    74 |    82 |   115 |   426 |   687 ||  1384
Block: Buckler           |    25 |    44 |    50 |   237 |   294 ||   650
